TOP OF THE 1ST |
Bloomington Longnecks batting - Pitching for Baltimore Black Sox : RHP Bartolo Ruíz
|
Pitching: RHP Bartolo Ruíz
|
|
Batting: SHB Benedict Patel
|
0-0: Ball 1-0: Ball 2-0: Ball 3-0: Called Strike 3-1: SINGLE (Groundball, 34D)
|
Batting: RHB Barrett Drury
|
0-0: Ball 1-0: Ball 2-0: Foul Ball, location: 2F 2-1: SINGLE (Groundball, 56D) Benedict Patel to second
|
Batting: RHB Blaze Alexander
|
0-0: Called Strike 0-1: Ball 1-1: Foul Ball, location: 2F 1-2: Ball Passed Ball! Benedict Patel to third Barrett Drury to second 2-2: Ball 3-2: Foul Ball, location: 2F 3-2: Foul Ball, location: 2F 3-2: Foul Ball, location: 2F 3-2: Fly out, F7 (Line Drive, 7D) Runner from 3rd tags up, OUT at HOME Barrett Drury to third
|
Batting: LHB César Gómes
|
0-0: Called Strike 0-1: Swinging Strike 0-2: Fly out, F7 (Line Drive, 7LS)
|
Top of the 1st over - 0 runs, 2 hits, 0 errors, 1 left on base; Bloomington 0 - Baltimore 0 |
BOTTOM OF THE 1ST |
Baltimore Black Sox batting - Pitching for Bloomington Longnecks : LHP Gabriel Valenzuela
|
Pitching: LHP Gabriel Valenzuela
|
|
Batting: RHB Fernando Martínez
|
0-0: Called Strike 0-1: SINGLE (Groundball, 56D)
|
Batting: RHB Pedro Torres
|
0-0: Foul Ball, location: 2F 0-1: Foul Ball, location: 2F 0-2: Foul Ball, location: 2F 0-2: Ball 1-2: DOUBLE (Groundball, 5L) Fernando Martínez to third
|
Batting: LHB Shigenobu Ohayashi
|
0-0: Called Strike 0-1: Ball 1-1: Swinging Strike 1-2: Foul Ball, location: 2F 1-2: Strikes out looking
|
Batting: RHB Jeb Sexton
|
0-0: Ball 1-0: Ball 2-0: Ball 3-0: Called Strike 3-1: Ground out 6-3 (Groundball, 6) Fernando Martínez scores
|
Batting: RHB Berihun Tukufu
|
0-0: Swinging Strike 0-1: Swinging Strike 0-2: Strikes out swinging
|
Bottom of the 1st over - 1 run, 2 hits, 0 errors, 1 left on base; Bloomington 0 - Baltimore 1 |
TOP OF THE 2ND |
Bloomington Longnecks batting - Pitching for Baltimore Black Sox : RHP Bartolo Ruíz
|
Batting: RHB Carlos Cardona
|
0-0: Foul Ball, location: 2F 0-1: Ball 1-1: Ball 2-1: Ball 3-1: Base on Balls
|
Batting: RHB Frank Crocker
|
0-0: Fielders Choice at 2nd, 6-4 (Groundball, 6)
|
Batting: RHB Toussiant L'Ouverture
|
0-0: Ball 1-0: Called Strike 1-1: Ball 2-1: Grounds into double play, 4-6-3 (Groundball, 4)
|
Top of the 2nd over - 0 runs, 0 hits, 0 errors, 0 left on base; Bloomington 0 - Baltimore 1 |
BOTTOM OF THE 2ND |
Baltimore Black Sox batting - Pitching for Bloomington Longnecks : LHP Gabriel Valenzuela
|
Batting: RHB Raúl Cicerón
|
0-0: Ball 1-0: Ball 2-0: Ball 3-0: Base on Balls
|
Batting: LHB Sergio Rodríguez
|
0-0: Ball 1-0: Foul Ball, location: 2F 1-1: Ball 2-1: Called Strike 2-2: Ball 3-2: Strikes out swinging Raúl Cicerón steals 2nd base Batter strikes out.
|
Batting: RHB Lee Storment
|
0-0: Foul Ball, location: 2F 0-1: Ball 1-1: Ground out 5-3 (Groundball, 56)
|
Batting: LHB Tomás Valenzuela
|
0-0: Called Strike 0-1: Ball 1-1: Ball 2-1: Ground out U3 (Groundball, 34)
|
Bottom of the 2nd over - 0 runs, 0 hits, 0 errors, 1 left on base; Bloomington 0 - Baltimore 1 |
TOP OF THE 3RD |
Bloomington Longnecks batting - Pitching for Baltimore Black Sox : RHP Bartolo Ruíz
|
Batting: LHB Daniel Faraday
|
0-0: Foul Ball, location: 2F 0-1: Ball 1-1: Foul Ball, location: 2F 1-2: Foul Ball, location: 2F 1-2: Ground out U3 (Groundball, 34)
|
Batting: LHB Keith Alexander
|
0-0: Ball 1-0: Ball 2-0: Ground out 6-3 (Groundball, 56)
|
Batting: SHB Benedict Patel
|
0-0: Ball 1-0: Ground out 3-1 (Groundball, 34)
|
Top of the 3rd over - 0 runs, 0 hits, 0 errors, 0 left on base; Bloomington 0 - Baltimore 1 |
BOTTOM OF THE 3RD |
Baltimore Black Sox batting - Pitching for Bloomington Longnecks : LHP Gabriel Valenzuela
|
Batting: RHB Fernando Martínez
|
0-0: Ball 1-0: Foul Ball, location: 2F 1-1: Ball 2-1: Foul Ball, location: 2F 2-2: Foul Ball, location: 2F 2-2: Foul Ball, location: 2F 2-2: Foul Ball, location: 2F 2-2: Foul Ball, location: 2F 2-2: Ball 3-2: SINGLE (Groundball, 6MD)
|
Batting: RHB Pedro Torres
|
0-0: Ball 1-0: Foul Ball, location: 2F 1-1: Ball 2-1: Ball 3-1: Swinging Strike 3-2: Strikes out swinging Fernando Martínez steals 2nd base Batter strikes out.
|
Batting: LHB Shigenobu Ohayashi
|
0-0: Ball Fernando Martínez is caught stealing 3rd base 1-0: Swinging Strike 1-1: Fly out, F4 (Popup, 4D)
|
Bottom of the 3rd over - 0 runs, 1 hit, 0 errors, 0 left on base; Bloomington 0 - Baltimore 1 |
TOP OF THE 4TH |
Bloomington Longnecks batting - Pitching for Baltimore Black Sox : RHP Bartolo Ruíz
|
Batting: RHB Barrett Drury
|
0-0: Ball 1-0: Fly out, F9 (Flyball, 89S)
|
Batting: RHB Blaze Alexander
|
0-0: Ball 1-0: Called Strike 1-1: Fly out, F4 (Popup, 4S)
|
Batting: LHB César Gómes
|
0-0: Ball 1-0: Called Strike 1-1: SINGLE (Line Drive, 3L)
|
Batting: RHB Carlos Cardona
|
0-0: Ball César Gómes steals 2nd base 1-0: Ball 2-0: Ground out 4-3 (Groundball, 4)
|
Top of the 4th over - 0 runs, 1 hit, 0 errors, 1 left on base; Bloomington 0 - Baltimore 1 |
BOTTOM OF THE 4TH |
Baltimore Black Sox batting - Pitching for Bloomington Longnecks : LHP Gabriel Valenzuela
|
Batting: RHB Jeb Sexton
|
0-0: Called Strike 0-1: Foul Ball, location: 2F 0-2: Ground out 5-3 (Groundball, 5S)
|
Batting: RHB Berihun Tukufu
|
0-0: Swinging Strike 0-1: Ball 1-1: Called Strike 1-2: Strikes out looking
|
Batting: RHB Raúl Cicerón
|
0-0: Called Strike 0-1: Ball 1-1: Ball 2-1: Foul Ball, location: 2F 2-2: Fly out, F7 (Flyball, 7LMF)
|
Bottom of the 4th over - 0 runs, 0 hits, 0 errors, 0 left on base; Bloomington 0 - Baltimore 1 |
TOP OF THE 5TH |
Bloomington Longnecks batting - Pitching for Baltimore Black Sox : RHP Bartolo Ruíz
|
Batting: RHB Frank Crocker
|
0-0: Fly out, F9 (Flyball, 89D)
|
Batting: RHB Toussiant L'Ouverture
|
0-0: Foul Ball, location: 2F 0-1: Ball 1-1: Ball 2-1: Called Strike 2-2: SINGLE (Line Drive, 34)
|
Batting: LHB Daniel Faraday
|
0-0: Grounds into double play, 4-6-3 (Groundball, 4)
|
Top of the 5th over - 0 runs, 1 hit, 0 errors, 0 left on base; Bloomington 0 - Baltimore 1 |
BOTTOM OF THE 5TH |
Baltimore Black Sox batting - Pitching for Bloomington Longnecks : LHP Gabriel Valenzuela
|
Batting: LHB Sergio Rodríguez
|
0-0: Ball 1-0: Fly out, F7 (Flyball, 7S)
|
Batting: RHB Lee Storment
|
0-0: Called Strike 0-1: Ball 1-1: Ball 2-1: Ball 3-1: Called Strike 3-2: Foul Ball, location: 2F 3-2: Foul Ball, location: 2F 3-2: Strikes out looking
|
Batting: LHB Tomás Valenzuela
|
0-0: Ball 1-0: Ball 2-0: Ball 3-0: Called Strike 3-1: Foul Ball, location: 2F 3-2: Ground out U3 (Groundball, 3)
|
Bottom of the 5th over - 0 runs, 0 hits, 0 errors, 0 left on base; Bloomington 0 - Baltimore 1 |
TOP OF THE 6TH |
Bloomington Longnecks batting - Pitching for Baltimore Black Sox : RHP Bartolo Ruíz
|
Batting: LHB Keith Alexander
|
0-0: Ground out 6-3 (Groundball, 6MS)
|
Batting: SHB Benedict Patel
|
0-0: Ball 1-0: Called Strike 1-1: Foul Ball, location: 2F 1-2: Ground out 6-3 (Groundball, 6)
|
Batting: RHB Barrett Drury
|
0-0: Ground out U3 (Groundball, 34S)
|
Top of the 6th over - 0 runs, 0 hits, 0 errors, 0 left on base; Bloomington 0 - Baltimore 1 |
BOTTOM OF THE 6TH |
Baltimore Black Sox batting - Pitching for Bloomington Longnecks : LHP Gabriel Valenzuela
|
Batting: RHB Fernando Martínez
|
0-0: Ball 1-0: Foul Ball, location: 2F 1-1: Foul Ball, location: 2F 1-2: Ground out 5-3 (Groundball, 5L)
|
Batting: RHB Pedro Torres
|
0-0: Called Strike 0-1: Foul Ball, location: 2F 0-2: Ball 1-2: Foul Ball, location: 2F 1-2: Ball 2-2: Strikes out looking
|
Batting: LHB Shigenobu Ohayashi
|
0-0: Called Strike 0-1: Called Strike 0-2: Hit by Pitch
|
Pitching: LHP Marcus Blakely
|
|
Batting: RHB Jeb Sexton
|
0-0: Called Strike 0-1: Ball 1-1: Ball 2-1: Called Strike 2-2: Ball 3-2: Base on Balls Shigenobu Ohayashi to second
|
Batting: RHB Berihun Tukufu
|
0-0: Foul Ball, location: 2F 0-1: Swinging Strike 0-2: Foul Ball, location: 2F 0-2: Ball 1-2: Ball 2-2: Strikes out swinging
|
Bottom of the 6th over - 0 runs, 0 hits, 0 errors, 2 left on base; Bloomington 0 - Baltimore 1 |
TOP OF THE 7TH |
Bloomington Longnecks batting - Pitching for Baltimore Black Sox : RHP Bartolo Ruíz
|
Batting: RHB Blaze Alexander
|
0-0: Called Strike 0-1: Ground out 6-3 (Groundball, 6)
|
Batting: LHB César Gómes
|
0-0: Ball 1-0: Swinging Strike 1-1: SINGLE (Line Drive, 8LS)
|
Batting: RHB Carlos Cardona
|
0-0: Swinging Strike 0-1: Ball 1-1: 2-RUN HOME RUN (Flyball, 7D), Distance : 369 ft
|
Batting: RHB Frank Crocker
|
0-0: Called Strike 0-1: Ground out 6-3 (Groundball, 4M)
|
Batting: RHB Toussiant L'Ouverture
|
0-0: Ball 1-0: Foul Ball, location: 2F 1-1: Foul Ball, location: 2F 1-2: Strikes out looking
|
Top of the 7th over - 2 runs, 2 hits, 0 errors, 0 left on base; Bloomington 2 - Baltimore 1 |
BOTTOM OF THE 7TH |
Baltimore Black Sox batting - Pitching for Bloomington Longnecks : LHP Marcus Blakely
|
Batting: RHB Raúl Cicerón
|
0-0: Ball 1-0: Ball 2-0: Ball 3-0: Called Strike 3-1: Base on Balls
|
Pinch Hitting: LHB Ramón Flores
|
0-0: Bunted foul 0-1: Ball 1-1: Ball 2-1: Sac Bunt - play at first, batter OUT! 1-4 Raúl Cicerón to second
|
Batting: RHB Lee Storment
|
0-0: Ball 1-0: Ball 2-0: SINGLE (Groundball, 4MD) Raúl Cicerón to third Runner from 3rd tries for Home, SAFE, throw made home Lee Storment to second
|
Pinch Hitting: SHB Alex Mable
|
0-0: Swinging Strike 0-1: Ground out 5-3 (Groundball, 5)
|
Batting: RHB Fernando Martínez
|
0-0: Foul Ball, location: 2F 0-1: Ground out 5-3 (Groundball, 56S)
|
Bottom of the 7th over - 1 run, 1 hit, 0 errors, 1 left on base; Bloomington 2 - Baltimore 2 |
TOP OF THE 8TH |
Bloomington Longnecks batting - Pitching for Baltimore Black Sox : RHP Bartolo Ruíz
|
Now at 2B: Ramón Flores
|
|
Now in RF: Alex Mable
|
|
Batting: LHB Daniel Faraday
|
0-0: Ball 1-0: Ball 2-0: Ball 3-0: Called Strike 3-1: Fly out, F8 (Flyball, 89D)
|
Batting: LHB Keith Alexander
|
0-0: Swinging Strike 0-1: Ground out U3 (Groundball, 3)
|
Batting: SHB Benedict Patel
|
0-0: Ball 1-0: Foul Ball, location: 2F 1-1: Called Strike 1-2: SINGLE (Line Drive, 89M)
|
Batting: RHB Barrett Drury
|
0-0: Ball 1-0: Called Strike Benedict Patel steals 2nd base 1-1: Ball 2-1: Reached on error, E4 (Groundball, 34) Benedict Patel scores
|
Batting: RHB Blaze Alexander
|
0-0: Fly out, F7 (Line Drive, 7)
|
Top of the 8th over - 1 run, 1 hit, 1 error, 1 left on base; Bloomington 3 - Baltimore 2 |
BOTTOM OF THE 8TH |
Baltimore Black Sox batting - Pitching for Bloomington Longnecks : LHP Marcus Blakely
|
Batting: RHB Pedro Torres
|
0-0: Foul Ball, location: 2F 0-1: Called Strike 0-2: Fly out, F7 (Flyball, 7D)
|
Batting: LHB Shigenobu Ohayashi
|
0-0: Ball 1-0: Ball 2-0: Foul Ball, location: 2F 2-1: Foul Ball, location: 2F 2-2: Ball 3-2: Base on Balls
|
Pitching: RHP Ieyoshi Asai
|
|
Batting: RHB Jeb Sexton
|
0-0: Ball 1-0: Ball 2-0: SINGLE (Groundball, 34S) (infield hit) Shigenobu Ohayashi to second
|
Batting: RHB Berihun Tukufu
|
0-0: Ball 1-0: Fly out, F8 (Flyball, 8LD) Runner from 2nd tags up, SAFE at 3rd with throw
|
Batting: RHB Raúl Cicerón
|
0-0: Swinging Strike 0-1: Foul Ball, location: 2F 0-2: Ball 1-2: Ball 2-2: Foul Ball, location: 2F 2-2: Ball 3-2: Strikes out looking
|
Bottom of the 8th over - 0 runs, 1 hit, 0 errors, 2 left on base; Bloomington 3 - Baltimore 2 |
TOP OF THE 9TH |
Bloomington Longnecks batting - Pitching for Baltimore Black Sox : RHP Bartolo Ruíz
|
Pitching: RHP Gordon Neugebauer
|
|
Batting: LHB César Gómes
|
0-0: Ball 1-0: Foul Ball, location: 2F 1-1: Ball 2-1: Ball 3-1: Swinging Strike 3-2: SINGLE (Groundball, 6MD)
|
Batting: RHB Carlos Cardona
|
0-0: Foul Ball, location: 2F 0-1: Called Strike 0-2: Fly out, F6 (Popup, 4MD)
|
Batting: RHB Frank Crocker
|
0-0: Ball César Gómes is caught stealing 2nd base 1-0: SINGLE (Groundball, 56D)
|
Batting: RHB Toussiant L'Ouverture
|
0-0: Ball 1-0: Ball 2-0: Ball 3-0: Called Strike 3-1: Fly out, F5 (Flyball, 5D)
|
Top of the 9th over - 0 runs, 2 hits, 0 errors, 1 left on base; Bloomington 3 - Baltimore 2 |
BOTTOM OF THE 9TH |
Baltimore Black Sox batting - Pitching for Bloomington Longnecks : RHP Ieyoshi Asai
|
Pitching: RHP Cristián Moreno
|
|
Batting: LHB Ramón Flores
|
0-0: Ball 1-0: Ground out U3 (Groundball, 3L)
|
Batting: RHB Lee Storment
|
0-0: Called Strike 0-1: Called Strike 0-2: Strikes out swinging
|
Batting: SHB Alex Mable
|
0-0: Called Strike 0-1: Ball 1-1: Swinging Strike 1-2: DOUBLE (Groundball, 3L)
|
Batting: RHB Fernando Martínez
|
0-0: Called Strike 0-1: Ball 1-1: Ball 2-1: Foul Ball, location: 2F 2-2: Fly out, F7 (Line Drive, 7S)
|
Bottom of the 9th over - 0 runs, 1 hit, 0 errors, 1 left on base; Bloomington 3 - Baltimore 2 |
|